 Dungeon Crawl Stone Soup version 0.27-a0-1139-g28e009f8a6 (webtiles) character file.

Game seed: 18155441360255258836

59729 jestyr24 the Thaumaturge (level 14, -8/94 HPs)
             Began as a Djinni Conjurer on May 8, 2021.
             Was the Champion of Cheibriados.
             Mangled by a komodo dragon (11 damage)
             ... while petrified by a catoblepas
             ... on level 6 of the Lair of Beasts.
             The game lasted 03:00:06 (15121 turns).

jestyr24 the Thaumaturge (Djinni Conjurer)         Turns: 15121, Time: 03:00:06

Health: -8/94      AC: 12    Str: 26    XL:     14   Next: 96%
Gold:   639        EV:  2    Int: 39    God:    Cheibriados [******] SH:  0 Dex: 34

rFire    + + .     SeeInvis .   a - +8 scimitar (drain)
rCold    x . .     Faith    .   A - +1 kite shield {rN+}
rNeg     + + +     Spirit   .   L - +4 troll leather armour
rPois    ∞         Reflect  .   v - +2 helmet {Int+3}
rElec    +         Harm     +   H - scarf {harm}
rCorr    .         Rampage  .   D - +0 pair of gloves {Stlth+}
Will     +....                  (boots unavailable)
Stlth    +++++.....             j - amulet of regeneration
HPRegen  2.25/turn              K - +4 ring of evasion
MPRegen  0.00/turn              k - +6 ring of dexterity

@: petrified, flying, very slow
A: sickness immunity, fire resistance 2, cold vulnerability 1, float, innate
caster, hp casting, extra vitality 1, electricity resistance, strong 1
a: Renounce Religion, Bend Time, Temporal Distortion, Slouch, Step From Time


You were on level 6 of the Lair of Beasts.
You worshipped Cheibriados.
Cheibriados was exalted by your worship.
You visited 2 branches of the dungeon, and saw 18 of its levels.
You visited 1 bazaar.

You collected 1089 gold pieces.
You spent 450 gold pieces at shops.

Inventory:

Hand Weapons
 a - a +8 scimitar of draining (weapon)
 p - a +2 rapier of draining
 u - a +0 lajatang
 y - a +2 vampiric war axe
 M - a +2 antimagic rapier
 N - a +5 mace
Missiles
 d - 3 throwing nets
 e - 7 curare-tipped darts
 f - 112 poisoned darts (quivered)
 B - 4 boomerangs of dispersal
 O - 8 javelins
Armour
 m - a +1 hat of see invisible
 v - a +2 helmet of intelligence (worn)
 w - a scarf of invisibility
 A - a +1 kite shield of positive energy (worn)
 D - a +0 pair of gloves of stealth (worn)
 E - a +0 cloak of preservation
 H - a scarf of harm (worn)
 L - a +4 troll leather armour (worn)
Jewellery
 b - a ring of willpower
 j - an amulet of regeneration (around neck)
 k - a +6 ring of dexterity (right hand)
 s - a ring of protection from fire
 I - a ring of protection from cold
 K - a +4 ring of evasion (left hand)
 U - a ring of see invisible
Wands
 l - a wand of digging (8)
 n - a wand of mindburst (14)
 o - a wand of polymorph (33)
 z - a wand of iceblast (18)
 C - a wand of charming (4)
 J - a wand of acid (13)
 S - a wand of paralysis (10)
Scrolls
 c - 12 scrolls of teleportation
 q - 2 scrolls of fog
 r - 2 scrolls of blinking
 x - a scroll of fear
 Q - a scroll of identify
Potions
 g - 8 potions of curing
 h - a potion of brilliance
 i - 9 potions of heal wounds
 t - a potion of resistance
 F - a potion of invisibility
 R - 2 potions of might


   Skills:
 - Level 6.8 Fighting
 - Level 1.0(7.9) Short Blades
 + Level 12.0(12.1) Long Blades
 - Level 2.0 Armour
 - Level 10.8 Dodging
 - Level 6.8 Stealth
 - Level 9.3 Shields
 - Level 13.2 Spellcasting
 - Level 5.6 Invocations
 - Level 5.0 Evocations


You had 6 spell levels left.
You knew the following spells:

 Your Spells              Type           Power      Damage    Failure   Level
a - Magic Dart            Conj           100%       1d8       0%          1
b - Searing Ray           Conj           100%       3d7       1%          2
c - Dazzling Flash        Conj/Hex       100%       N/A       1%          3
d - Fulminant Prism       Conj/Hex       46%        3d21      1%          4
e - Iskenderun's Mystic   Conj/Tloc      92%        2d18      1%          4
f - Pain                  Necr           100%       1d9       0%          1
g - Wereblood             Tmut           92%        N/A       1%          2
h - Call Canine Familiar  Summ           92%        N/A       1%          3
i - Vampiric Draining     Necr           46%        2d12      1%          3
j - Agony                 Necr           92%        N/A       1%          5
k - Lightning Bolt        Conj/Air       46%        1d66      1%          5
Your spell library was empty.

Dungeon Overview and Level Annotations

Branches:
Dungeon (12/15)            Temple (0/1) D:6            Lair (6/6) D:9
  Swamp (0/4) Lair:4        Snake (0/4) Lair:2          Orc (0/2) D:12
  Slime: Lair:5-6

Altars:
Cheibriados
Dithmenos
Sif Muna
Trog
Beogh

Annotations:
Lair:4 2 transporters


Innate Abilities, Weirdness & Mutations

You are immune to sickness and miasma.
You are immune to poison.
Your flesh is very heat resistant. (rF++)
You are vulnerable to cold. (rC-)
You float through the air rather than walking.
You learn spells naturally, not from books.
Your magical power is your life essence.
You have superior vitality. (+4 HP)
You are resistant to electric shocks. (rElec)
Your muscles are strong. (Str +2)


Message History

The blast of calcifying dust hits the blink frog!
You are engulfed in calcifying dust.
The blink frog is engulfed in calcifying dust.
The blink frog is moving more slowly.
The catoblepas gores you but does no damage.
The komodo dragon bites you!
You are engulfed in calcifying dust.
The wyvern bites you!
The blink frog is engulfed in calcifying dust.
The blink frog stops moving altogether!
The catoblepas breathes a plume of calcifying dust at you.
The blast of calcifying dust hits you.
The blast of calcifying dust hits the blink frog!
The komodo dragon bites you!! The wyvern barely misses you.
The blink frog is engulfed in calcifying dust.
You are engulfed in calcifying dust.
The blink frog is engulfed in calcifying dust.
The wyvern bites you. The catoblepas gores you.
The komodo dragon bites you but does no damage.
The blink frog is engulfed in calcifying dust.
You are engulfed in calcifying dust.
The wyvern bites you!
The blink frog is engulfed in calcifying dust.
The catoblepas breathes a plume of calcifying dust at you.
The blast of calcifying dust hits you but does no damage.
The blast of calcifying dust hits the blink frog.
The blink frog is engulfed in calcifying dust.
The komodo dragon barely misses you.
The wyvern hisses menacingly.
The wyvern bites you.
You are engulfed in calcifying dust.
The wyvern bites you!
* * * LOW HITPOINT WARNING * * *
The catoblepas gores you!
* * * LOW HITPOINT WARNING * * *
The komodo dragon bites you!
* * * LOW HITPOINT WARNING * * *
The wyvern bites you!
* * * LOW HITPOINT WARNING * * *
The catoblepas gores you.
* * * LOW HITPOINT WARNING * * *
The komodo dragon bites you!!
You die...

..........#..
#............
#............
#............
###......).....
#..............
#...†ll.......
##....Y@F...§§.
#..†††<†.......
.....††.†.......
.......†........
................
................
#.#.............
.#.#............
##............


You could see a catoblepas, a komodo dragon, a blink frog (petrified) and a
wyvern.

Vanquished Creatures
  Rupert (Lair:4)
  Gastronok (Lair:1)
  Kirke (D:12)
  The ghost of karkarkar the Cleaver, a journeyman DDFi of Makhleb (D:12)
  A boulder beetle (D:12)
  4 hydras
  A catoblepas (Lair:2)
  The ghost of freelancePsychic the Covert, a journeyman KoDe of Wu Jian (D:9)
  5 two-headed ogres
  3 death yaks (D:9)
  A tengu warrior (D:12)
  Nergalle (D:10)
  Sonja (Lair:1)
  A bog body (Lair:4)
  A deep elf zephyrmancer (D:6)
  2 ugly things (D:12)
  3 cyclopes
  8 black mambas
  A moth of wrath (D:12)
  15 elephants
  A gargoyle (D:12)
  An unseen horror (D:11)
  11 cane toads
  2 rime drakes
  A kobold demonologist (D:11)
  8 komodo dragons
  2 polar bears
  4 trolls
  19 blink frogs
  Prince Ribbit (Lair:1)
  2 spriggans (Lair:4)
  A wraith (D:12)
  Eustachio (D:4)
  50 yaks
  5 hogs (D:12)
  3 basilisks
  3 wyverns
  3 steam dragons
  A warg (D:9)
  2 swamp worms (Lair:4)
  An acid dragon (D:8)
  3 nagas (Lair:2)
  14 water moccasins
  9 orc warriors
  4 ice beasts
  3 necrophages
  2 black bears
  A sky beast (D:7)
  7 ogres
  8 wolves (Lair:4)
  8 centaurs
  7 kobold brigands
  Blork the orc (D:5)
  16 bullfrogs
  2 gnoll sergeants
  A wyvern zombie (D:7)
  A water moccasin skeleton (D:4)
  A water moccasin zombie (D:7)
  13 killer bees
  4 wights (D:9)
  3 howler monkeys (D:9)
  An electric eel (Lair:4)
  3 centaur zombies
  4 hounds (D:6)
  2 jellies
  Crazy Yiuf (D:3)
  A bullfrog zombie (D:7)
  6 orc priests
  A gnoll shaman (D:5)
  4 iguanas
  A centaur skeleton (D:5)
  Terence (D:2)
  7 orc wizards
  8 hell rats
  A killer bee zombie (D:6)
  14 gnolls
  8 adders
  13 river rats
  3 white imps
  A worm (D:2)
  5 dart slugs
  26 orcs
  5 bats
  12 endoplasms
  2 giant cockroaches (D:2)
  4 goblins
  9 hobgoblins
  3 jackals (D:1)
  7 quokkas
  7 ball pythons
  3 frilled lizards
  22 kobolds
  7 rats
475 creatures vanquished.

Vanquished Creatures (collateral kills)
  A wraith (D:7)
  Menkaure (D:4)
  A necrophage (D:7)
  2 scorpions (D:4)
  A wyvern skeleton (D:4)
  2 iguanas
  A killer bee zombie (D:7)
  A howler monkey zombie (D:7)
  An adder (D:4)
  An endoplasm (D:4)
  A giant cockroach (D:4)
  2 goblins (D:4)
  A hobgoblin (D:4)
  2 jackals (D:4)
  A quokka (D:4)
19 creatures vanquished.

Vanquished Creatures (others)
  87 fulminant prisms
  31 fungi
  26 plants
144 creatures vanquished.

Grand Total: 638 creatures vanquished

Notes
Turn   | Place    | Note
-------+----------+-------------------------------------------
     0 | D:1      | jestyr24 the Djinni Conjurer began the quest for the Orb.
     0 | D:1      | Reached XP level 1. HP: 15/15 MP: 0/0
   383 | D:1      | Found a faded altar of an unknown god.
   391 | D:1      | Became a worshipper of Cheibriados the Contemplative
   391 | D:1      | Reached * piety under Cheibriados
   440 | D:1      | Reached XP level 2. HP: 20/21 MP: 0/0
   568 | D:1      | Reached skill level 4 in Spellcasting
   928 | D:1      | Reached XP level 3. HP: 23/25 MP: 0/0
   928 | D:1      | Learned a level 1 spell: Pain
   984 | D:1      | Reached ** piety under Cheibriados
  1680 | D:2      | Reached XP level 4. HP: 29/31 MP: 0/0
  2150 | D:2      | Noticed Terence
  2154 | D:2      | Killed Terence
  2155 | D:2      | Reached skill level 5 in Spellcasting
  2792 | D:3      | Reached XP level 5. HP: 33/35 MP: 0/0
  2792 | D:3      | Learned a level 2 spell: Wereblood
  2944 | D:3      | Reached *** piety under Cheibriados
  3714 | D:3      | Reached XP level 6. HP: 40/40 MP: 0/0
  3788 | D:3      | Found a runed translucent door.
  3789 | D:3      | Noticed Crazy Yiuf
  3795 | D:3      | Killed Crazy Yiuf
  3901 | D:4      | Noticed a steam dragon
  3908 | D:4      | Noticed a black bear
  3910 | D:4      | Killed a steam dragon
  3911 | D:4      | Reached skill level 6 in Spellcasting
  3913 | D:4      | Killed a black bear
  3913 | D:4      | Reached **** piety under Cheibriados
  3913 | D:4      | Noticed Menkaure
  3914 | D:4      | Reached XP level 7. HP: 27/46 MP: 0/0
  3914 | D:4      | Learned a level 3 spell: Call Canine Familiar
  3917 | D:4      | Killed Menkaure
  3918 | D:4      | Reached skill level 1 in Short Blades
  4161 | D:4      | Noticed Eustachio
  4164 | D:4      | Reached skill level 1 in Fighting
  4164 | D:4      | Reached skill level 7 in Spellcasting
  4171 | D:4      | Killed Eustachio
  4186 | D:4      | Reached XP level 8. HP: 52/52 MP: 0/0
  4852 | D:5      | Entered Level 5 of the Dungeon
  4905 | D:5      | Noticed Blork the orc
  4910 | D:5      | Killed Blork the orc
  5238 | D:5      | Reached skill level 8 in Spellcasting
  5628 | D:6      | Reached ***** piety under Cheibriados
  5707 | D:6      | Found a staircase to the Ecumenical Temple.
  5784 | D:6      | Reached XP level 9. HP: 54/58 MP: 0/0
  5784 | D:6      | Learned a level 3 spell: Vampiric Draining
  5818 | D:6      | Reached skill level 9 in Spellcasting
  5972 | D:6      | Found a shadowy altar of Dithmenos.
  6151 | D:6      | Noticed a deep elf zephyrmancer
  6157 | D:6      | Killed a deep elf zephyrmancer
  6158 | D:6      | Reached skill level 5 in Stealth
  6918 | D:7      | Reached skill level 10 in Spellcasting
  7185 | D:8      | Reached XP level 10. HP: 64/67 MP: 0/0
  7545 | D:9      | Identified a scroll of acquirement
  7545 | D:9      | Acquired a manual of Long Blades
  7610 | D:9      | Reached ****** piety under Cheibriados
  7714 | D:9      | Noticed a death yak
  7715 | D:9      | Noticed a death yak
  7716 | D:9      | Noticed a death yak
  7722 | D:9      | Killed a death yak
  7723 | D:9      | Reached skill level 1 in Evocations
  7726 | D:9      | Killed a death yak
  7727 | D:9      | Reached skill level 5 in Dodging
  7727 | D:9      | Killed a death yak
  7728 | D:9      | Reached skill level 5 in Fighting
  7728 | D:9      | Reached skill level 11 in Spellcasting
  7729 | D:9      | Found a staircase to the Lair.
  7759 | D:9      | Reached XP level 11. HP: 22/75 MP: 0/0
  7759 | D:9      | Learned a level 5 spell: Agony
  7772 | D:9      | Noticed a two-headed ogre
  7776 | D:9      | Killed a two-headed ogre
  7944 | D:9      | Found a runed translucent gate.
  7944 | D:9      | Found a runed translucent gate.
  7952 | D:9      | Noticed freelancePsychic's ghost (journeyman KoDe)
  8049 | D:9      | Found a runed translucent gate.
  8136 | D:9      | Killed freelancePsychic's ghost
  8230 | D:10     | Entered Level 10 of the Dungeon
  8355 | D:10     | You are sucked into a shaft and drop 2 floors!
  8423 | D:11     | Noticed a two-headed ogre
  8426 | D:11     | Killed a two-headed ogre
  8427 | D:11     | Reached skill level 1 in Long Blades
  8474 | D:11     | Noticed a cyclops
  8480 | D:11     | Killed a cyclops
  8702 | D:11     | Found a flickering gateway to a bazaar.
  8747 | Bazaar   | Entered a bazaar
  8747 | Bazaar   | Found Qafillua's Assorted Antiques.
  8747 | Bazaar   | Found Jonenued's Book Shop.
  8747 | Bazaar   | Found Muogimim's Distillery.
  8747 | Bazaar   | Found Puweqaenyt's Magic Scroll Shop.
  8749 | Bazaar   | Found Fuopp's Distillery.
  8814 | Bazaar   | Bought a potion of heal wounds for 45 gold pieces
  8814 | Bazaar   | Bought a potion of heal wounds for 45 gold pieces
  8814 | Bazaar   | Bought a potion of heal wounds for 45 gold pieces
  8849 | Bazaar   | Bought a scroll of enchant armour for 105 gold pieces
  8849 | Bazaar   | Bought a scroll of enchant armour for 105 gold pieces
  8849 | Bazaar   | Bought a scroll of enchant weapon for 105 gold pieces
  9010 | D:11     | Noticed a two-headed ogre
  9018 | D:11     | Killed a two-headed ogre
  9151 | D:10     | Noticed Nergalle
  9157 | D:10     | Reached skill level 12 in Spellcasting
  9159 | D:10     | Killed Nergalle
  9273 | D:10     | Reached XP level 12. HP: 84/84 MP: 0/0
  9549 | D:10     | Reached skill level 1 in Armour
 10168 | D:8      | Reached skill level 1 in Shields
 10171 | D:8      | Reached skill level 5 in Evocations
 11198 | D:12     | Noticed a boulder beetle
 11208 | D:12     | Noticed Kirke
 11211 | D:12     | Killed a boulder beetle
 11260 | D:12     | Reached skill level 5 in Shields
 11262 | D:12     | Killed Kirke
 11268 | D:12     | Noticed a two-headed ogre
 11273 | D:12     | Killed a two-headed ogre
 11299 | D:12     | Found a transporter.
 11300 | D:12     | Found a bloodstained altar of Trog.
 11302 | D:12     | Noticed karkarkar's ghost (journeyman DDFi)
 11302 | D:12     | Noticed a tengu warrior
 11307 | D:12     | Found a transporter.
 11309 | D:12     | Noticed a two-headed ogre
 11384 | D:12     | Killed a tengu warrior
 11385 | D:12     | Killed a two-headed ogre
 11392 | D:12     | Killed karkarkar's ghost
 11393 | D:12     | Reached XP level 13. HP: 61/89 MP: 0/0
 11393 | D:12     | Learned a level 5 spell: Lightning Bolt
 11590 | D:12     | Found a staircase to the Orcish Mines.
 11798 | Lair:1   | Entered Level 1 of the Lair of Beasts
 11846 | Lair:1   | Noticed Gastronok
 11855 | Lair:1   | Killed Gastronok
 11856 | Lair:1   | Reached skill level 13 in Spellcasting
 11881 | Lair:1   | Noticed Prince Ribbit
 11883 | Lair:1   | Killed Prince Ribbit
 11956 | Lair:1   | Reached skill level 5 in Long Blades
 12100 | Lair:1   | Noticed Sonja
 12101 | Lair:1   | Killed Sonja
 12480 | Lair:2   | Found a staircase to the Snake Pit.
 12809 | Lair:3   | Reached XP level 14. HP: 89/94 MP: 0/0
 12860 | Lair:3   | Reached skill level 10 in Long Blades
 13492 | Lair:4   | Reached skill level 1 in Invocations
 13586 | Lair:4   | Noticed Rupert
 13590 | Lair:4   | Killed Rupert
 13787 | Lair:4   | Reached skill level 10 in Dodging
 14133 | Lair:4   | Found a transporter.
 14134 | Lair:4   | Found a transporter.
 14158 | Lair:4   | Found a staircase to the Swamp.
 14527 | Lair:5   | Reached skill level 5 in Invocations
 14712 | Lair:5   | Gained mutation: You are resistant to electric shocks.
                  | (rElec) [potion of mutation]
 14712 | Lair:5   | Gained mutation: Your muscles are strong. (Str +2) [potion
                  | of mutation]
 15084 | Lair:6   | Entered Level 6 of the Lair of Beasts
 15121 | Lair:6   | HP: 4/94 [wyvern (4)]
 15121 | Lair:6   | Mangled by a komodo dragon

Illustrated notes

Levels and vault maps discovered:
D:1:      tarquinn_simple_flora_water_b, layout_loops_ring,
          chequers_ecumenical_altar_simple_redux, serial_bayou_pond_d
D:2:      layout_basic, minmay_liquid_box, uniq_terence
D:3:      layout_basic, uniq_crazy_yiuf_cottage
D:4:      layout_layer_cave, minmay_misc_feat_diagonals, uniq_eustachio,
          uniq_menkaure
D:5:      layout_loops_ring, kennysheep_crisscross, uniq_blork_the_orc
D:6:      layout_cave_pools, lemuel_coloured_pillars_altar, temple_pool_b,
          serial_column_ruins, column_ruins_open_tiny,
          column_ruins_columns_dead_end, column_ruins_grid_1,
          column_ruins_corridor_dead_end, column_ruins_grid_2,
          guppyfry_early_elven_hall
D:7:      minmay_chambers_of_fours, layout_basic
D:8:      kennysheep_steamy, layout_basic, corexii_corridor_pit
D:9:      layout_rooms, dpeg_lair_monsters, biasface_ghost_orc_armoury
D:10:     layout_irregular_city, general_overflow_altar,
          minmay_tree_intersection, uniq_nergalle
D:11:     layout_roguey, serial_shops, bzr_entry_customers
D:12:     layout_rooms, kennysheep_orc_monster_closet_entryway,
          gammafunk_ghost_wrathful_warriors, uniq_kirke
Lair:1:   layout_hall_layers, serial_bayou_shore_a, infiniplex_staircase_pool,
          uniq_sonja, uniq_gastronok, uniq_prince_ribbit2
Lair:2:   layout_big_grid, minmay_snake_entry_guardpost_small,
          kennysheep_abandoned_house, infiniplex_staircase_pool_2
Lair:3:   layout_small_grid, guppyfry_lair_drakes
Lair:4:   gammafunk_boulding_lane, layout_hall_layers,
          nicolae_swamp_entry_splash_gauntlet, forest_entry_grove,
          serial_bayou_shore_b, uniq_rupert
Lair:5:   layout_hall_layers, beast_lair_carwin_2
Lair:6:   hangedman_lair_caniforms_friends, layout_long_grid,
          hangedman_lair_tendril_chambers, slime_altar_1, enter_volcano_4,
          lemuel_fruit_fields

Skill      XL: |  1  2  3  4  5  6  7  8  9 10 11 12 13 14 |
---------------+-------------------------------------------+-----
Spellcasting   | 4 5 6 7 8 10 11 12 13 | 13.2
Stealth        | 2 3 4 5 6 |  6.8
Short Blades   | 1 |  1.0
Dodging        | 3 4 5 6 9 10 | 10.8
Fighting       | 1 3 5 6 |  6.8
Evocations     | 2 4 5 |  5.0
Long Blades    | 3 4 9 12 | 12.0
Armour         | 2 |  2.0
Shields        | 9 |  9.3
Invocations    | 5 |  5.6

Action                   |  1- 3 |  4- 6 |  7- 9 | 10-12 | 13-15 || total
-------------------------+-------+-------+-------+-------+-------++-------
Melee: Rapier            |       |     4 |    30 |     7 |       ||    41
       Scimitar          |       |       |       |    10 |    10 ||    20
Throw: Dart              |       |       |       |       |    12 ||    12
 Cast: Magic Dart        |    50 |    99 |    26 |    31 |     6 ||   212
       Searing Ray       |     6 |     8 |    19 |    23 |     8 ||    64
       Pain              |     2 |       |       |       |       ||     2
       Fulminant Prism   |       |     2 |     5 |    39 |    41 ||    87
       Iskenderun's Myst |       |     4 |    33 |    68 |    64 ||   169
       Call Canine Famil |       |       |     9 |     2 |       ||    11
       Dazzling Flash    |       |       |     1 |     1 |       ||     2
       Vampiric Draining |       |       |     5 |    14 |     5 ||    24
       Agony             |       |       |       |     3 |       ||     3
       Lightning Bolt    |       |       |       |       |   137 ||   137
Invok: Bend Time         |       |       |       |       |     1 ||     1
  Use: Scroll            |       |       |     6 |    21 |     9 ||    36
       Potion            |       |       |       |     1 |     2 ||     3
 Stab: Sleeping          |       |       |     5 |     2 |       ||     7
       Distracted        |       |       |     1 |     1 |       ||     2
Armor: Robe              |     2 |     2 |    20 |     7 |       ||    31
       Troll leather arm |       |       |       |     6 |     5 ||    11
Dodge: Dodged            |     4 |    15 |    52 |    98 |    30 ||   199
Block: Kite shield       |       |       |       |    45 |    34 ||    79
       Rpst.: Scimitar   |       |       |       |     8 |     6 ||    14

Table legend: (Time is in decaauts)
 A = Elapsed time spent in this place.
 B = Non-inter-level travel time spent in this place.
 C = Inter-level travel time spent in this place.
 D = Time resting spent in this place.
 E = Time spent auto-exploring this place.
 F = Levels seen in this place.
 G = Mean time per level.
                   A        B        C        D        E       F      G
               +--------+--------+--------+--------+--------+-----+--------+
         Total |  24853 |  22247 |   2606 |   1088 |  15660 |  19 | 1308.1 |
       Dungeon |  18484 |  16242 |   2242 |   1088 |  11085 |  12 | 1540.3 |
          Lair |   6164 |   5800 |    364 |      0 |   4575 |   6 | 1027.3 |
        Bazaar |    205 |    205 |      0 |      0 |      0 |   1 |  205.0 |
               +--------+--------+--------+--------+--------+-----+--------+

Top non-repeatable levels by time:
     D:8: 2265 daAuts
     D:2: 1941 daAuts
     D:1: 1768 daAuts
  Lair:4: 1764 daAuts
     D:4: 1756 daAuts
  Lair:3: 1748 daAuts
     D:3: 1596 daAuts
     D:7: 1591 daAuts
    D:10: 1435 daAuts
     D:5: 1337 daAuts
     D:9: 1309 daAuts
  Lair:5: 1265 daAuts
    D:11: 1239 daAuts
     D:6: 1212 daAuts
  Lair:1: 1040 daAuts
